 Dungeon Crawl Stone Soup version 0.27.1-1-g398f81649c (webtiles) character file.

Game seed: 16839052898805991433

23 zdrol the Covered (level 2, -32/27 HPs)
             Began as a Minotaur Fighter on Sept 7, 2021.
             Annihilated by a white very ugly thing (36 damage)
             ... on level 1 of the Abyss.
             The game lasted 00:05:12 (802 turns).

zdrol the Covered (Minotaur Fighter)                 Turns: 802, Time: 00:05:12

Health: -32/27     AC:  7    Str: 20    XL:     2   Next: 72%
Magic:  1/1        EV:  7    Int:  5    God:
Gold:   53         SH: 10    Dex:  9    Spells: 1/1 levels left

rFire    . . .     SeeInvis .   e - +2 short sword (vamp)
rCold    . . .     Faith    .   c - +1 kite shield
rNeg     . . .     Spirit   .   b - +0 scale mail
rPois    .         Reflect  .   (helmet restricted)
rElec    .         Harm     .   (no cloak)
rCorr    .         Rampage  .   (no gloves)
Will     .....                  (no boots)
Stlth    ..........             (no amulet)
HPRegen  0.09/turn              (no ring)
MPRegen  0.07/turn              (no ring)

@: no status effects
A: horns 2, retaliatory headbutt
a: no special abilities


You were on level 1 of the Abyss.
You visited 1 branch of the dungeon, and saw 1 of its levels.
You visited the Abyss 1 time.

You collected 53 gold pieces.

Inventory:

Hand Weapons
 a - a +0 flail
 e - a +2 vampiric short sword (weapon)
Armour
 b - a +0 scale mail (worn)
 c - a +1 kite shield (worn)
Scrolls
 f - 2 scrolls of enchant armour
Potions
 d - a potion of might
 g - a potion of brilliance {unknown}
 h - a potion of lignification {unknown}
 i - a potion of mutation {unknown}


   Skills:
 + Level 4.0 Fighting
 + Level 2.5 Maces & Flails
 + Level 4.1 Armour
 + Level 0.1 Dodging
 + Level 4.0 Shields


You had one spell level left.
You didn't know any spells.
Your spell library contained the following spells:

 Spells                   Type           Power      Damage    Failure   Level
 Conjure Ball Lightning   Conj/Air       0%         3x3d6     100%        6
 Discord                  Hex            0%         N/A       100%        8
 Disjunction              Tloc           0%         N/A       100%        8


Dungeon Overview and Level Annotations

Branches:
Dungeon (1/15)

Altars:
Lugonu


Innate Abilities, Weirdness & Mutations

You have a pair of horns on your head.
You reflexively headbutt those who attack you in melee.


Message History

As you open the door, it creaks loudly!
There is an open door here.
Lugonu draws you home! Lugonu sends minions to punish you.
The divine experience confuses you!
You are confused.
A small abomination comes into view.
You bump into the rock wall.
You are cast into the Abyss!
To return, you must find a gate leading back.
Killing monsters will force the Abyss to allow you passage.
This branch contains the abyssal rune of Zot.
Found 15 gold pieces.
You bump into the rock wall.
You bump into the rock wall.
You bump into the rock wall.
You feel less confused.
Found 15 gold pieces.
There is an open door here.
A spatial vortex comes into view.
The spatial vortex moves out of view.
You now have 53 gold pieces (gained 15).
A white ugly thing comes into view.
The white very ugly thing gurgles horribly!
The white ugly thing gurgles horribly!
You hear a horrible gurgling sound!
A white ugly thing comes into view.
A spatial maelstrom comes into view. 2 spatial vortices come into view.
You see here 15 gold pieces.
A spatial vortex comes into view.
The white ugly thing tail-slaps you but does no damage.
You see here 15 gold pieces.
You barely miss the white very ugly thing.
You block the spatial maelstrom's attack.
The spatial maelstrom hits you! Space warps horribly around you!
Ouch! That really hurt!
* * * LOW HITPOINT WARNING * * *
The white very ugly thing trunk-slaps you.
* * * LOW HITPOINT WARNING * * *
The white very ugly thing freezes you!!!
Ouch! That really hurt!
You die...

. ## ..
##.#########
...#.#v@u.....# #
#..v....uu.....# .
.....'.............
##.v............#.
#...###..........#
v##. ##.....### ..
. #.#...## .
#.###'## ## #.#


You could see a white very ugly thing, a spatial maelstrom, 2 ugly things and 2
spatial vortices.

Vanquished Creatures
  A dart slug (D:1)
  3 bats (D:1)
  An endoplasm (D:1)
  2 goblins (D:1)
  A hobgoblin (D:1)
  6 jackals (D:1)
  A quokka (D:1)
  A frilled lizard (D:1)
  A kobold (D:1)
  2 rats (D:1)
19 creatures vanquished.

Notes
Turn   | Place    | Note
-------+----------+-------------------------------------------
     0 | D:1      | zdrol the Minotaur Fighter began the quest for the Orb.
     0 | D:1      | Reached XP level 1. HP: 19/19 MP: 0/0
   363 | D:1      | Reached XP level 2. HP: 21/27 MP: 1/1
   534 | D:1      | Found a faded altar of an unknown god.
   569 | D:1      | Became a worshipper of Lugonu the Unformed
   569 | D:1      | Reached * piety under Lugonu
   569 | D:1      | Reached ** piety under Lugonu
   570 | D:1      | Fell from the grace of Lugonu
   781 | D:1      | Noticed a small abomination
   781 | D:1      | Cast into level 1 of the Abyss (Lugonu's touch)
   792 | Abyss:1  | Noticed a spatial vortex
   798 | Abyss:1  | Noticed a white very ugly thing
   798 | Abyss:1  | Noticed a white ugly thing
   799 | Abyss:1  | Noticed a white ugly thing
   799 | Abyss:1  | Noticed a spatial maelstrom
   800 | Abyss:1  | Noticed a spatial vortex
   800 | Abyss:1  | Noticed a spatial vortex
   801 | Abyss:1  | Noticed a spatial vortex
   802 | Abyss:1  | Annihilated by a white very ugly thing

Illustrated notes

Levels and vault maps discovered:
D:1:      giann_forest_graveyard, layout_loops_corners, basic_ecumenical_altar,
          chequers_serial_rivers_micro_d
Abyss:1:  base:
Temple

Skill      XL: |  1  2 |
---------------+-------+-----
Armour         | 4 |  4.1
Shields        | 4 |  4.0
Fighting       | 4 |  4.0
Maces & Flails | |  2.5
Dodging        | |  0.1

Action                   || total
-------------------------++-------
Melee: Flail             ||    31
       Headbutt          ||     7
       Short sword       ||    11
Invok: Renounce Religion ||     1
  Use: Scroll            ||     4
Armor: Scale mail        ||    32
Dodge: Dodged            ||    21
Block: Kite shield       ||    29
